AoeStats
← Dantegutsh

Oasis

509780015Analyzed
4v4 RM · 5d ago on Sep 28, 2026· 17m 24s· 8 players
Game mode
Random Map
Map size
Large (8 player)
Population
200
Speed
Normal
Resources
Standard
Victory
Conquest
Starting age
Dark Age
Ending age
Imperial Age
RankedLock teamsTeams togetherTeam positionsShared explorationLock speedFull tech treeHidden civsTurbo modeCheats
Victory
Defeat
🇲🇽 Persians · Mexico
1436
+7
🇨🇴 Bengalis · Colombia
1403
+8
🇨🇴 Saracens · Colombia
1207
+15
🇵🇪 Britons · Peru
1145
+18
🇬🇧 Huns · United Kingdom
1235
-13
🇮🇳 Mongols · India
1232
-13
🇲🇽 Italians · Mexico
1208
-12
🇨🇳 Ethiopians · China
1147
-10
RMXs | Arobledoz
6:01 Loom
11:26 Feudal Age
12:17 Double-Bit Axe
Madman
10:43 Feudal Age
15:16 Castle Age
14:54 Horse Collar
17:15 Heavy Plow
Sunny
6:28 Loom
9:35 Feudal Age
10:37 Double-Bit Axe
11:59 Fletching
14:20 Padded Archer Armor
HaNnibal
6:46 Loom
7:26 Loom
9:35 Feudal Age
10:06 Double-Bit Axe
11:28 Horse Collar
pipegarcial
6:58 Loom
10:41 Feudal Age
11:51 Double-Bit Axe
14:57 Fletching
Seritzia
7:05 Loom
9:30 Feudal Age
14:05 Town Watch
15:13 Double-Bit Axe
Dantegutsh
6:51 Loom
9:08 Feudal Age
10:37 Double-Bit Axe
SparMankus
7:40 Loom
10:42 Feudal Age
11:22 Double-Bit Axe
14:29 Fletching
Connection lost

Rejoining the realm…

Still unreachable

The connection could not be restored.

Session expired

The server has moved on; the page needs a fresh start.